 Dungeon Crawl Stone Soup version 0.30-a0-691-g754fce4c43 (webtiles) character file.

Game seed: 5083641195125678466

140 ASSMAN the Slasher (level 5, -4/41 HPs)
             Began as a Meteoran Reaver on Jan 20, 2023.
             Killed by divine providence
             ... invoked by an orc priest
              (14 damage)
             ... on level 5 of the Dungeon.
             The game lasted 00:03:56 (2323 turns).

ASSMAN the Slasher (Meteoran Reaver)                Turns: 2323, Time: 00:03:57

Health: -4/41      AC:  4    Str: 13    XL:     5   Next: 76%
Magic:  10/10      EV: 13    Int: 17    God:
Gold:   168        SH:  0    Dex: 12    Spells: 3/9 levels left

rFire   . . .      SeeInvis .    e - +0 long sword
rCold   + . .      Faith    .    (no shield)
rNeg    . . .      Spirit   .    b - +0 leather armour
rPois   .          Reflect  .    (no helmet)
rElec   .          Harm     .    c - +0 cloak
rCorr   .          Rampage  .    (no gloves)
Will    +....                    (no boots)
Stlth   +                        (no amulet)
HPRegen 0.26/turn                (no ring)
MPRegen 0.12/turn                (no ring)

@: glowing
A: sense surroundings 2, otherworldly, glowing, explore regen, claws 1, cold
resistance 1, strong-willed 1
a: no special abilities


You were on level 5 of the Dungeon.
You visited 1 branch of the dungeon, and saw 5 of its levels.

You collected 168 gold pieces.

Inventory:

Hand Weapons
 e - a +0 long sword (weapon)
Missiles
 d - 9 poisoned darts (quivered)
Armour
 b - a +0 leather armour (worn)
 c - a +0 cloak (worn)
Wands
 r - a wand of digging (3)
Scrolls
 a - a scroll of enchant armour {unknown}
 f - 2 scrolls of teleportation {unknown}
 g - 2 scrolls of vulnerability {unknown}
 h - 2 scrolls of noise {unknown}
 i - a scroll of brand weapon {unknown}
 k - 10 scrolls of identify {unknown}
 o - a scroll of silence {unknown}
Potions
 j - a potion of curing {unknown}
 l - a potion of degeneration {unknown}
 m - 2 potions of lignification
 n - a potion of might {unknown}
 p - 4 potions of attraction {unknown}
 q - a potion of flight {unknown}


   Skills:
 - Level 2.1 Fighting
 + Level 5.5 Long Blades
 + Level 4.7 Dodging
 - Level 2.6 Spellcasting
 - Level 3.6 Conjurations


You had 3 spell levels left.
You knew the following spells:

 Your Spells              Type           Power      Damage    Failure   Level
a - Kiss of Death         Conj/Necr      32%        2d7       11%         1
b - Momentum Strike       Conj/Tloc      16%        3d8       17%         2
c - Hailstorm             Conj/Ice       8%         3d4       32%         3

Your spell library contained the following spells:

 Spells                   Type           Power      Damage    Failure   Level
 Necrotise                Necr           8%         1d4       22%         1
 Ensorcelled Hibernation  Hex/Ice        4%         N/A       34%         2
 Spider Form              Tmut/Pois      2%         N/A       56%         3
 Vampiric Draining        Necr           2%         2d6       56%         3
 Anguish                  Hex/Necr       1%         N/A       92%         4
 Agony                    Necr           2%         N/A       99%         5


Dungeon Overview and Level Annotations

Branches:
Dungeon (5/15) Zot: 649
 Temple: D:4-7

Altars:


Innate Abilities, Weirdness & Mutations

You passively map the area around you.
You are easily found by Zot.
You glow in the dark.
You regain HP and MP as you explore.
You have sharp fingernails.
Your flesh is cold resistant. (rC+)
You are strong-willed. (Will+)


Message History

An orc comes into view. It is wielding a +0 flail.
An orc comes into view. It is wielding a +0 trident.
The orc shouts! x2; The orc wizard shouts!
The orc wizard gestures at you while chanting.
You are confused.
You are too confused!
You are too confused!
You are too confused!
You are too confused!
You are too confused!
Unknown command.
An orc priest comes into view. It is wielding a +0 mace.
The orc hits you but does no damage.
The orc wizard attacks as you move away!
The orc wizard closely misses you.
The orc priest begins to cast a cantrip, but forgets the words!
The orc wizard hits you with a +0 dagger.
Found a pink potion.
The orc priest begins to cast a cantrip, but forgets the words!
The orc wizard attacks as you move away!
The orc wizard misses you. The orc hits you with a +0 mace.
The orc hits you but does no damage.
You bump into the rock wall.
You feel less confused.
The orc wizard points at you and mumbles some strange words.
The magic dart hits you! The orc misses you. The orc hits you with a +0 mace.
The orc wizard hits you with a +0 dagger.
The orc wizard casts a spell.
The orc wizard flickers and vanishes!
Deactivating autopickup; reactivate with Ctrl-A.
The orc barely misses you. The orc completely misses you.
You closely miss something. Something hits you.
The orc hits you with a +0 trident! The orc barely misses you.
The orc wizard gestures at you while chanting.
The magic dart hits you.
* * * LOW HITPOINT WARNING * * *
You hit something. Something hits you but does no damage.
The orc priest calls down the wrath of Beogh upon you.
Beogh smites you!
You die...

,** ,, ....
, ,,*#..# *
* #..## ,,,
, * * ....
,,, ** *#..#
* * * ,
*#.o# * , ,
* * * , #oo#
* , , #o{# *
,
###.####.@#
!.......oo#
*###.####.##
* * #.# ,, *
#.# * #.## ,
* #..# * * ,
##.# * ** *
, , #.# ,,,


You could see an orc priest, an orc wizard and 4 orcs.

Vanquished Creatures
  3 gnolls (D:3)
  6 adders
  6 orcs
  3 ball pythons
  6 endoplasms
  A giant cockroach (D:4)
  3 hobgoblins
  8 kobolds
  2 quokkas
  4 bats
  2 frilled lizards (D:2)
  5 goblins
  5 rats
54 creatures vanquished.

Vanquished Creatures (others)
  A plant (D:3)
1 creature vanquished.

Grand Total: 55 creatures vanquished

Notes
Turn   | Place    | Note
-------+----------+-------------------------------------------
     0 | D:1      | ASSMAN the Meteoran Reaver began the quest for the Orb.
     0 | D:1      | Reached XP level 1. HP: 17/17 MP: 5/5
    93 | D:1      | Reached XP level 2. HP: 16/24 MP: 6/6
   141 | D:1      | Found a faded altar of an unknown god.
   173 | D:1      | Reached skill level 4 in Long Blades
   431 | D:1      | Reached XP level 3. HP: 14/29 MP: 8/8
   441 | D:1      | Learned a level 2 spell: Momentum Strike
   445 | D:1      | Learned a level 3 spell: Hailstorm
   493 | D:1      | Glimpsed the power of Zot.
   542 | D:1      | Glimpsed the power of Zot.
  1024 | D:2      | Gained mutation: You are robust. (+10% HP) [potion of
                  | mutation]
  1024 | D:2      | Gained mutation: Your body sometimes deteriorates upon
                  | taking damage. [potion of mutation]
  1028 | D:2      | Reached XP level 4. HP: 5/39 MP: 9/9
  1076 | D:2      | Lost mutation: You are robust. (+10% HP) [potion of
                  | mutation]
  1076 | D:2      | Lost mutation: Your body sometimes deteriorates upon taking
                  | damage. [potion of mutation]
  1076 | D:2      | Gained mutation: Armour fits poorly on your strangely
                  | shaped body. [potion of mutation]
  1077 | D:2      | Lost mutation: Armour fits poorly on your strangely shaped
                  | body. [potion of mutation]
  1077 | D:2      | Gained mutation: Your muscles are strong. (Str +4, Int/Dex
                  | -1) [potion of mutation]
  1077 | D:2      | Gained mutation: Your body sometimes deteriorates upon
                  | taking damage. [potion of mutation]
  1077 | D:2      | Gained mutation: You have hidden genetic potential. [potion
                  | of mutation]
  1077 | D:2      | Gained mutation: You are strong-willed. (Will+) [potion of
                  | mutation]
  1078 | D:2      | Lost mutation: Your body sometimes deteriorates upon taking
                  | damage. [potion of mutation]
  1078 | D:2      | Lost mutation: You are strong-willed. (Will+) [potion of
                  | mutation]
  1078 | D:2      | Lost mutation: Your muscles are strong. (Str +4, Int/Dex
                  | -1) [potion of mutation]
  1078 | D:2      | Gained mutation: Your spells are a little harder to cast,
                  | but a little more powerful. [potion of mutation]
  1078 | D:2      | Gained mutation: Your flesh is cold resistant. (rC+)
                  | [potion of mutation]
  1079 | D:2      | Lost mutation: Your spells are a little harder to cast, but
                  | a little more powerful. [potion of mutation]
  1079 | D:2      | Lost mutation: You have hidden genetic potential. [potion
                  | of mutation]
  1079 | D:2      | Gained mutation: You are strong-willed. (Will+) [potion of
                  | mutation]
  1079 | D:2      | Gained mutation: You have sharp fingernails. [potion of
                  | mutation]
  1079 | D:2      | Gained mutation: You passively map the area around you.
                  | [potion of mutation]
  1086 | D:2      | Glimpsed the power of Zot.
  1136 | D:2      | Glimpsed the power of Zot.
  1176 | D:2      | Glimpsed the power of Zot.
  1309 | D:3      | Reached skill level 5 in Long Blades
  1315 | D:3      | Reached XP level 5. HP: 19/41 MP: 10/10
  1675 | D:3      | Glimpsed the power of Zot.
  2273 | D:4      | Glimpsed the power of Zot.
  2303 | D:5      | Entered Level 5 of the Dungeon
  2323 | D:5      | Killed from afar by an orc priest

Illustrated notes

Levels and vault maps discovered:
D:1:      nzn_arrival_depleted_hourglass, layout_basic,
          shapermc_ecumenical_altar_ellora
D:2:      layout_loops_corners, serial_shops, nicolae_shop_stone,
          minmay_pentomino_pile
D:3:      corexii_shack_village, layout_loops_corners
D:4:      layout_basic
D:5:      layout_loops_ring, serial_shops, nicolae_shop_hallway_plus,
          kennysheep_minor_cross, uniq_crazy_yiuf_cottage, uniq_ijyb,
          uniq_blork_the_orc

Skill      XL: |  1  2  3  4 |
---------------+-------------+-----
Long Blades    | 4 5 |  5.5
Dodging        | 3 4 |  4.7
Fighting       | |  2.1
Spellcasting   | |  2.6
Conjurations   | |  3.6

Action                   |  1- 3 |  4- 6 || total
-------------------------+-------+-------++-------
Melee: Falchion          |    12 |       ||    12
       Long sword        |    69 |    91 ||   160
       Punch             |     1 |     1 ||     2
Throw: Throwing net      |       |     1 ||     1
  Use: Potion            |     2 |     4 ||     6
Armor: Leather armour    |    23 |    32 ||    55
       Skin              |     3 |       ||     3
Dodge: Dodged            |    59 |    68 ||   127

Table legend: (Time is in decaauts)
 A = Elapsed time spent in this place.
 B = Non-inter-level travel time spent in this place.
 C = Inter-level travel time spent in this place.
 D = Time resting spent in this place.
 E = Time spent auto-exploring this place.
 F = Levels seen in this place.
 G = Mean time per level.
                   A        B        C        D        E       F      G
               +--------+--------+--------+--------+--------+-----+--------+
         Total |   2349 |   2155 |    194 |     22 |   1704 |   5 |  469.8 |
       Dungeon |   2349 |   2155 |    194 |     22 |   1704 |   5 |  469.8 |
               +--------+--------+--------+--------+--------+-----+--------+

Top non-repeatable levels by time:
     D:2: 627 daAuts
     D:4: 591 daAuts
     D:1: 564 daAuts
     D:3: 546 daAuts
     D:5: 19 daAuts
